Map: Orbital Shipyard

Players

AcerBly (Bly)

  • Race: Zerg Zerg

Apocalypse - Winner!

  • Race: Terran Terran

Event: Gauntlet LotV Series 1 Qualifier 1

VOD

Have the link to the VOD?

Description

Time

  • Played on: Nov. 22, 2015, 8:18 p.m.
  • Length: 17:54

All games in this series

Show
View Real Time Build Order
Export as new Build Order

AcerBly Zerg 

Build Orders: Hatch First, Muta Ling Bane 

Get SALT Encoding   

  12  0:01  Drone  
  13  0:12  Overlord  
  13  0:17  Drone  
  14  0:31  Drone x2  
  17  0:35  Drone  
  17  0:52  Hatchery  
  16  0:57  Drone x2  
  16  1:00  Extractor  
  17  1:14  Spawning Pool  
  17  1:16  Drone  
  17  1:20  Drone  
  18  1:28  Drone  
  19  1:38  Overlord  
  19  2:01  Queen  
  19  2:02  Metabolic Boost, Zergling x4  
  19  2:06  Queen  
  25  2:09  Drone  
  25  2:13  Drone  
  27  2:20  Drone  
  28  2:28  Drone  
  29  2:30  Drone  
  29  2:38  Drone x2  
  33  2:47  Overlord  
  33  2:49  Queen  
  33  2:53  Overlord  
  33  2:57  Drone  
  34  3:02  Drone  
  35  3:06  Lair  
  35  3:07  Drone  
  35  3:10  Drone  
  37  3:16  Drone x5  
  42  3:22  Drone x2  
  42  3:25  Overlord  
  44  3:35  Drone x2  
  46  3:42  Queen, Extractor x3  
  46  3:46  Drone x2  
  47  3:56  Drone x5  
  47  3:57  Drone  
  53  4:05  Spire  
  52  4:13  Zergling x6  
  52  4:16  Hatchery  
  53  4:23  Zergling x6  
  53  4:24  Zergling x2  
  57  4:25  Zergling x2  
  57  4:30  Drone  
  59  4:33  Overlord  
  59  4:34  Overlord  
  59  4:36  Overlord  
  59  4:42  Overlord  
  55  5:18  Mutalisk x7  
  55  5:21  Drone x2  
  71  5:29  Drone x7  
  78  5:41  Drone x4  
  82  5:43  Evolution Chamber  
  82  5:44  Evolution Chamber  
  77  5:51  Drone x2  
  77  5:58  Drone x2  
  77  5:59  Drone  
  79  6:05  Drone x3  
  79  6:06  Drone x3  
  85  6:20  Zerg Ground Armor Level 1, Zerg Melee Weapons Level 1  
  85  6:23  Baneling Nest  
  85  6:25  Drone x5  
  87  6:28  Extractor  
  87  6:29  Extractor  
  87  6:34  Overlord x2  
  87  6:50  Drone  
  87  6:51  Drone x8  
  87  6:52  Hatchery  
  95  7:00  Infestation Pit  
  94  7:05  Hatchery  
  93  7:10  Centrifical Hooks  
  93  7:15  Zergling x8  
  94  7:16  Zergling x18  
  106  7:30  Drone  
  106  7:36  Baneling  
  107  7:37  Baneling x7  
  107  7:39  Hive  
  107  7:43  Zergling x12  
  113  7:44  Overlord  
  113  7:45  Overlord x6  
  113  8:12  Drone  
  108  8:13  Drone x4  
  108  8:18  Corruptor x6  
  123  8:21  Zergling x2  
  123  8:22  Zergling x10  
  123  8:24  Baneling x12  
  124  8:47  Zergling x12  
  124  8:48  Zergling x6  
  133  8:49  Hatchery  
  132  8:55  Ultralisk Cavern  
  132  8:56  Zerg Ground Armor Level 2, Adrenal Glands  
  131  9:16  Hatchery  
  128  9:22  Zergling x34  
  145  9:44  Chitinous Plating  
  145  9:46  Ultralisk x2  
  145  9:47  Ultralisk  
  163  9:58  Extractor  
  162  10:00  Baneling x3, Extractor  
  162  10:01  Baneling x3  
  152  10:15  Ultralisk x2  
  152  10:16  Overlord  
  164  10:25  Drone x10  
  164  10:26  Overlord  
  175  10:28  Zergling x10  
  175  10:29  Zergling x6  
  182  10:39  Baneling x8  
  139  10:59  Ultralisk x2  
  139  11:01  Zergling x20  
  155  11:07  Overseer  
  155  11:10  Extractor  
  146  11:18  Drone  
  146  11:24  Queen x2  
  149  11:39  Zergling x8  
  157  11:40  Zergling x34  
  169  11:48  Overseer  
  169  11:49  Zerg Ground Armor Level 3, Zerg Melee Weapons Level 2  
  166  12:04  Drone x7  
  167  12:10  Mutalisk x4  
  174  12:20  Ultralisk  
  180  12:27  Drone x4  
  184  12:37  Hatchery  
  184  12:41  Viper x2  
  187  12:51  Pneumatized Carapace  
  186  13:04  Overlord  
  186  13:06  Greater Spire  
  186  13:17  Spore Crawler x2  
  184  13:24  Infestor x2  
  186  13:30  Baneling x11  
  156  14:12  Drone  
  156  14:16  Ultralisk x5  
  178  14:18  Zergling x2  
  178  14:19  Zergling x18  
  188  14:44  Hatchery  
  187  14:47  Hatchery  
  183  14:53  Baneling x5  
  183  14:54  Baneling x5  
  120  15:22  Ultralisk x3  
  122  15:29  Zergling x16  
  130  15:51  Hatchery  
  129  16:00  Corruptor x2  
  133  16:08  Infestor x2  
  135  16:19  Corruptor x2  
  135  16:24  Viper  
  124  16:48  Baneling x2  
  124  16:49  Baneling x3  
  122  17:12  Corruptor x2  
  122  17:13  Corruptor x2  
  74  17:32  Zergling x20  
Show
View Real Time Build Order
Export as new Build Order

Apocalypse Terran - Winner!

Build Orders: Reaper Expand, MMM Bio 

Get SALT Encoding   

  12  0:01  SCV  
  13  0:13  SCV  
  14  0:18  Supply Depot  
  14  0:25  SCV  
  15  0:39  SCV  
  15  0:40  Barracks  
  16  0:44  Refinery  
  16  0:51  SCV  
  17  1:03  SCV  
  18  1:15  SCV  
  19  1:28  Reaper, Orbital Command  
  20  1:41  Command Center  
  20  1:46  Refinery  
  20  1:54  Supply Depot  
  20  1:56  SCV  
  21  2:05  Barracks Reactor  
  21  2:11  SCV  
  22  2:17  Factory  
  22  2:23  SCV  
  23  2:35  SCV  
  24  2:42  Marine x2  
  26  2:47  SCV  
  27  2:55  Orbital Command  
  27  2:59  SCV  
  27  3:01  Factory Tech Lab, Marine x2  
  27  3:04  Starport  
  29  3:11  SCV  
  30  3:18  Marine  
  30  3:19  Marine  
  32  3:20  Cyclone  
  32  3:22  SCV  
  32  3:26  SCV  
  37  3:31  Supply Depot  
  37  3:34  SCV  
  37  3:37  Marine x2  
  37  3:38  SCV  
  37  3:40  Medivac  
  43  3:47  SCV  
  44  3:50  SCV  
  44  3:52  Siege Tank  
  48  3:59  SCV  
  50  4:02  SCV, Supply Depot  
  50  4:05  Marine x2  
  50  4:07  Liberator  
  52  4:11  SCV  
  52  4:14  SCV  
  54  4:24  SCV  
  54  4:26  Command Center  
  54  4:27  SCV  
  59  4:33  Refinery x2  
  59  4:35  Supply Depot  
  59  4:40  Supply Depot  
  59  4:44  Marine x2  
  61  4:50  SCV  
  62  4:57  Siege Tank  
  62  4:58  SCV  
  62  4:59  Engineering Bay x2  
  66  5:04  Marine x2  
  68  5:08  Starport Reactor  
  68  5:11  SCV  
  69  5:15  SCV  
  69  5:18  Supply Depot  
  69  5:20  Supply Depot  
  70  5:23  SCV  
  70  5:24  Barracks  
  70  5:28  SCV  
  72  5:30  Barracks  
  72  5:31  Barracks Tech Lab  
  72  5:34  Terran Infantry Weapons Level 1  
  72  5:35  Terran Infantry Armor Level 1  
  72  5:38  Liberator  
  72  5:40  SCV  
  73  5:46  Missile Turret  
  73  5:47  Orbital Command  
  73  5:48  Viking  
  76  6:04  SCV, Missile Turret  
  76  6:06  Marine  
  76  6:08  Stimpack  
  68  6:12  SCV x2  
  68  6:15  Factory Reactor  
  68  6:16  SCV  
  71  6:24  SCV x2  
  73  6:27  Barracks  
  73  6:28  Supply Depot, Barracks  
  73  6:29  Combat Shields  
  73  6:30  Marine x3  
  73  6:32  Missile Turret  
  76  6:34  Marine  
  76  6:37  Orbital Command  
  76  6:41  Medivac x2  
  76  6:42  SCV  
  76  6:45  Armory  
  80  6:51  Marine x2  
  80  6:52  Widow Mine x2  
  86  6:57  SCV x2  
  88  7:03  SCV  
  88  7:05  Marine  
  88  7:06  Marauder  
  92  7:09  SCV x2, Marine x2  
  92  7:12  Missile Turret  
  92  7:13  Medivac  
  98  7:21  SCV  
  98  7:22  SCV  
  100  7:23  Medivac  
  100  7:24  Marauder  
  100  7:27  Marauder, Marine  
  100  7:28  Barracks Reactor x2  
  107  7:30  SCV  
  107  7:34  SCV x2  
  107  7:36  Refinery  
  110  7:37  Refinery  
  110  7:41  Marine  
  110  7:42  SCV, Widow Mine x2  
  116  7:45  Marine  
  116  7:47  Supply Depot  
  116  7:49  Supply Depot  
  117  7:51  SCV, Marine  
  117  7:57  Marauder  
  116  7:59  Marine  
  117  8:07  Terran Infantry Weapons Level 2, Terran Infantry Armor Level 2  
  117  8:09  Marine x4  
  121  8:17  Marine x2  
  123  8:20  Widow Mine, Marine x2  
  123  8:25  SCV  
  123  8:26  Marine x2  
  130  8:27  Marine  
  130  8:28  Command Center, Marine  
  132  8:35  Marine  
  132  8:36  Supply Depot x3  
  132  8:37  Marine  
  133  8:53  Marine x6  
  133  8:54  Widow Mine  
  133  8:55  Missile Turret  
  132  8:57  Widow Mine  
  132  8:58  Marauder x2  
  138  9:05  Barracks, Terran Ship Weapons Level 1  
  138  9:07  Barracks x2  
  138  9:11  Marine x3  
  138  9:12  Marine  
  141  9:17  Medivac, Marine  
  141  9:19  Marauder x2  
  141  9:24  Widow Mine, Marine  
  149  9:29  Marine x3  
  154  9:35  Marine x2  
  156  9:41  Marine, Marauder x2  
  156  9:42  Concussive Shells  
  156  9:44  Medivac  
  163  9:46  Supply Depot, Marine x3  
  163  9:47  Supply Depot  
  166  9:53  Marine x2  
  166  9:54  Barracks Tech Lab, Marine x2  
  166  9:59  Marine  
  171  10:04  Marine  
  172  10:07  Marauder  
  172  10:08  Marauder  
  172  10:11  Marine x4  
  172  10:12  Marine  
  172  10:13  Marine x2  
  172  10:17  Marine  
  172  10:20  Medivac  
  175  10:22  Marine  
  175  10:28  Marine  
  175  10:29  Marauder x2, Marine x3  
  175  10:31  Marauder  
  185  10:38  Barracks Tech Lab, Marine x2  
  185  10:40  Marine  
  188  10:47  Marine  
  188  10:48  Marine  
  188  10:49  Medivac, Marine  
  187  10:50  Marauder  
  187  10:57  Planetary Fortress  
  146  10:59  Barracks Tech Lab, Marine  
  146  11:00  Medivac  
  139  11:07  Terran Infantry Weapons Level 3, Terran Infantry Armor Level 3  
  139  11:09  Marine x2  
  138  11:15  Liberator x2  
  138  11:16  Marine  
  139  11:18  Marine  
  139  11:24  Starport, Missile Turret  
  146  11:32  Marine  
  146  11:33  Terran Ship Weapons Level 2, Marauder, Marine x2  
  146  11:34  Marine  
  146  11:35  Marine x2  
  146  11:49  Marauder, Marine x3  
  146  11:50  Marine x2  
  146  11:52  Marine  
  154  11:54  Marauder  
  154  11:59  Liberator  
  154  12:04  Starport Reactor, Liberator  
  157  12:26  Marauder, Marine  
  152  12:30  Marauder, Marine x3  
  152  12:31  Marauder  
  152  12:32  Command Center  
  152  12:34  Supply Depot, Liberator  
  152  12:35  Liberator  
  152  12:36  Marine x3  
  164  12:37  Supply Depot, Marauder  
  164  12:42  Liberator  
  164  12:45  Marine  
  164  12:47  Liberator  
  164  12:48  Marauder, Marine x2  
  169  12:52  Marauder  
  169  12:53  Marine  
  169  12:54  Marine  
  181  13:09  Marine x2  
  181  13:11  Marauder, Marine x5  
  181  13:12  Marauder x2  
  194  13:13  Marine  
  185  13:27  Marine x2  
  185  13:29  Marine x4  
  185  13:30  Marauder  
  185  13:31  Marauder  
  185  13:32  Marine  
  185  13:33  Marauder, Marine  
  198  13:45  Marine x2  
  199  14:02  Marine  
  199  14:04  Building Armor  
  199  14:05  Hi-Sec Auto Tracking, Terran Ship Weapons Level 3  
  197  14:10  Marine x3  
  197  14:11  Liberator  
  197  14:16  Marine x2  
  197  14:17  Marauder x2, Marine  
  195  14:27  Marine  
  195  14:29  Marine  
  200  14:36  Command Center  
  200  14:38  Missile Turret  
  200  14:47  Missile Turret  
  200  14:54  Liberator  
  200  14:55  Planetary Fortress  
  200  14:57  Liberator  
  123  15:27  Medivac x2  
  123  15:28  Marauder, Marine  
  119  15:29  Marine  
  119  15:30  Marine  
  119  15:32  Marine x2  
  119  15:33  Marauder, Marine x4  
  129  15:38  Widow Mine x2  
  129  15:41  Liberator  
  129  15:42  Liberator  
  133  15:44  Refinery  
  133  15:45  Refinery, Marine  
  133  15:47  Marine  
  133  15:48  Marine  
  138  15:50  Marauder  
  138  15:51  Starport  
  138  15:52  Starport x2  
  138  15:54  Starport, Medivac  
  138  15:55  Starport  
  138  15:56  Marine  
  138  15:57  Marauder, Medivac, Marine  
  141  16:01  Marine x3  
  141  16:02  Marauder  
  156  16:13  Marine  
  156  16:14  Marauder, Marine x4  
  162  16:18  Marauder  
  162  16:20  Marauder x2  
  168  16:26  Marine x2  
  168  16:31  Marine x3  
  168  16:32  Marine x2  
  169  16:36  Marauder  
  167  16:40  Marauder  
  167  16:41  Marauder, Marine  
  167  16:44  Starport Tech Lab x3, Marine x2  
  164  16:49  Marine  
  164  16:51  Starport Tech Lab  
  164  16:53  Marine x3  
  164  16:54  Marine  
  166  16:57  Starport Tech Lab, Marauder  
  166  16:59  Marauder  
  173  17:01  Marauder  
  173  17:02  Marine  
  165  17:13  Marine x2  
  167  17:18  Medivac x2  
  167  17:28  Marine  
  134  17:31  Marine  
Tags
 
Add a new tag
Caveats
  • Supply blocks, unpowered buildings, or Contaminate may cause inaccurate times.
  • Supply counts are checked every 10 seconds.